Map: Eternal Empire LE

Players

BottomText

  • Race: Zerg Zerg
  • League: Master
  • Spawn Location: 7:00

BerryRAWR - Winner!

  • Race: Terran Terran
  • League: Grandmaster
  • Spawn Location: 1:00

VOD

Have the link to the VOD?

Description

Time

  • Played on: April 28, 2020, 3:53 a.m.
  • Length: 14:44
Show
View Real Time Build Order
Export as new Build Order

BottomText Zerg 

Build Orders: Pool First 

Get SALT Encoding   

  12  0:01  Drone  
  13  0:12  Overlord  
  13  0:17  Drone  
  14  0:31  Extractor, Drone x2  
  14  0:35  Drone  
  16  0:45  Drone  
  17  0:50  Spawning Pool  
  16  0:58  Drone  
  17  1:07  Drone  
  18  1:18  Drone  
  19  1:25  Hatchery  
  19  1:29  Drone  
  19  1:42  Roach Warren  
  19  1:44  Drone  
  19  1:54  Queen  
  21  2:01  Overlord  
  21  2:22  Roach x3  
  27  2:30  Queen  
  29  2:39  Overlord  
  29  2:40  Drone  
  29  2:44  Ravager x2  
  32  2:47  Drone  
  32  2:49  Drone  
  34  2:53  Ravager  
  36  2:58  Drone  
  36  3:03  Drone x3  
  36  3:04  Drone  
  40  3:08  Drone  
  41  3:13  Overlord  
  40  3:28  Extractor  
  40  3:29  Drone x2  
  41  3:40  Overlord  
  42  3:41  Drone x4  
  42  3:42  Drone  
  42  3:46  Overlord  
  43  3:51  Drone x2  
  43  3:52  Drone  
  46  3:58  Overlord  
  46  4:00  Lair  
  43  4:19  Drone x4  
  44  4:25  Drone x3  
  44  4:26  Drone  
  44  4:28  Extractor  
  44  4:30  Extractor  
  46  4:33  Hatchery  
  46  4:34  Drone  
  46  4:40  Drone x3  
  49  4:53  Overlord  
  49  5:01  Drone  
  49  5:02  Spire, Drone x5  
  54  5:07  Overlord  
  54  5:09  Overlord x3  
  54  5:13  Drone  
  55  5:16  Glial Reconstitution  
  55  5:20  Extractor, Drone x2  
  56  5:27  Drone x3  
  59  5:31  Extractor  
  59  5:32  Drone  
  59  5:34  Drone x3  
  59  5:35  Drone, Queen  
  65  5:47  Overlord  
  54  6:18  Mutalisk x7  
  53  6:19  Mutalisk x2  
  53  6:22  Queen x2  
  53  6:24  Drone x3  
  53  6:25  Drone  
  75  6:30  Mutalisk  
  75  6:34  Drone  
  75  6:36  Queen  
  75  6:38  Drone  
  79  6:45  Mutalisk  
  81  6:48  Drone x2  
  83  6:55  Drone x2  
  83  6:57  Mutalisk  
  87  7:01  Hatchery  
  87  7:05  Drone x4  
  90  7:12  Overlord  
  90  7:16  Drone x2  
  90  7:17  Evolution Chamber  
  90  7:18  Evolution Chamber  
  90  7:19  Mutalisk  
  88  7:26  Drone x2  
  86  7:32  Roach  
  86  7:33  Roach x6  
  100  7:37  Roach x2  
  104  7:45  Zerg Ground Armor Level 1, Zerg Missile Weapons Level 1  
  104  7:46  Overlord x2  
  104  8:00  Roach  
  104  8:04  Overlord  
  101  8:09  Roach x6  
  101  8:11  Queen  
  113  8:19  Roach x2  
  119  8:20  Roach x2  
  117  8:30  Drone x4  
  117  8:31  Drone  
  117  8:32  Drone x2  
  122  8:34  Roach x2  
  122  8:37  Drone x2  
  122  8:38  Drone  
  127  8:45  Roach x4  
  135  8:53  Overlord  
  135  8:58  Overlord  
  135  9:02  Infestation Pit  
  134  9:07  Roach  
  136  9:12  Overlord  
  136  9:16  Roach  
  150  9:17  Roach x7  
  150  9:20  Overlord  
  150  9:23  Mutalisk  
  152  9:24  Overlord  
  152  9:27  Overlord x2  
  152  9:31  Overlord x2  
  152  9:40  Roach x4  
  152  9:41  Ravager x2  
  152  9:42  Ravager x4  
  152  9:43  Pathogen Glands  
  152  9:45  Drone x2  
  166  9:50  Queen  
  168  9:54  Roach x4  
  168  9:55  Roach x3  
  168  9:59  Hive  
  182  10:03  Drone x2  
  182  10:05  Overlord  
  184  10:14  Roach x5  
  188  10:18  Roach x2  
  188  10:19  Roach  
  190  10:27  Roach x3  
  190  10:28  Roach x4  
  176  10:32  Roach x3  
  162  10:42  Roach x6  
  150  10:49  Roach x3  
  156  10:55  Roach x2  
  156  10:59  Roach  
  156  11:04  Roach x2  
  156  11:05  Roach  
  156  11:10  Roach  
  164  11:12  Overlord  
  148  11:20  Roach x3  
  148  11:24  Roach  
  156  11:28  Roach x4  
  156  11:29  Roach  
  166  11:33  Hatchery, Drone  
  166  11:34  Greater Spire  
  166  11:35  Drone x2  
  168  11:40  Drone x2  
  168  11:41  Drone x2  
  168  11:42  Drone  
  169  11:48  Overlord  
  157  11:55  Infestor x3  
  157  11:56  Infestor  
  165  12:04  Unknown  
  165  12:05  Zerg Missile Weapons Level 2  
  165  12:07  Roach x5  
  165  12:08  Roach x2  
  178  12:12  Drone x4  
  178  12:13  Overlord  
  182  12:24  Roach  
  182  12:25  Roach x7  
  198  12:35  Infestor  
  198  12:36  Overlord  
  200  12:39  Extractor  
  200  12:41  Overseer  
  200  12:42  Extractor  
  188  12:53  Roach x7  
  188  12:57  Overlord  
  184  13:15  Roach  
  184  13:16  Roach x11  
  176  13:30  Roach  
  176  13:31  Roach x11  
  188  13:34  Roach x2  
  188  13:35  Roach  
  188  13:40  Infestor x2  
  171  13:51  Roach x3  
  171  13:52  Roach x3  
  181  14:00  Roach x2  
  181  14:01  Roach  
  187  14:04  Ravager x4  
  187  14:06  Hatchery  
  190  14:13  Ravager  
  190  14:15  Ravager  
  155  14:31  Hatchery  
Show
View Real Time Build Order
Export as new Build Order

BerryRAWR Terran - Winner!

Build Orders: Gas First Reaper Expand 

Get SALT Encoding   

  12  0:01  SCV  
  13  0:13  SCV  
  14  0:17  Supply Depot  
  14  0:25  SCV  
  15  0:29  Refinery  
  15  0:38  SCV  
  16  0:44  Barracks  
  16  0:51  SCV  
  17  1:03  SCV  
  18  1:15  SCV  
  19  1:32  Orbital Command, Reaper  
  20  1:45  Command Center  
  20  1:57  Factory  
  20  1:59  SCV  
  21  2:07  Barracks Reactor  
  21  2:11  SCV  
  22  2:16  Supply Depot  
  22  2:18  Refinery  
  22  2:24  SCV  
  23  2:38  SCV  
  23  2:41  Factory Tech Lab  
  24  2:44  Marine x2  
  24  2:50  SCV  
  27  2:59  Orbital Command  
  27  3:02  Marine x2  
  27  3:05  Cyclone  
  32  3:06  Bunker  
  32  3:17  Supply Depot  
  32  3:22  Supply Depot  
  32  3:25  Marine x2  
  34  3:30  SCV  
  34  3:31  SCV  
  33  3:42  SCV  
  33  3:45  Cyclone  
  37  3:50  Starport  
  38  3:55  SCV x2  
  38  4:03  Marine x2  
  38  4:07  SCV  
  41  4:19  Cyclone  
  41  4:24  SCV  
  44  4:31  SCV, Command Center  
  42  4:34  Medivac  
  45  4:41  SCV  
  45  4:44  Supply Depot  
  47  4:48  SCV  
  47  4:53  SCV  
  47  4:55  Supply Depot  
  48  5:00  Stimpack  
  48  5:01  Marine  
  48  5:02  Factory Reactor  
  49  5:12  SCV  
  49  5:13  SCV  
  51  5:19  Marine  
  52  5:22  Barracks  
  52  5:23  Barracks  
  52  5:24  SCV  
  52  5:25  Engineering Bay  
  52  5:27  Engineering Bay  
  53  5:29  SCV  
  54  5:36  SCV, Starport Reactor  
  54  5:41  SCV  
  56  5:47  Marine  
  56  5:48  SCV  
  58  5:54  SCV  
  59  6:05  Marine, Factory Reactor  
  60  6:26  Marine x2  
  60  6:29  Orbital Command  
  60  6:31  Terran Infantry Weapons Level 1, Terran Infantry Armor Level 1  
  62  6:33  Supply Depot  
  62  6:34  Marine x2  
  62  6:35  Marine, Refinery  
  62  6:36  Refinery  
  62  6:37  SCV, Barracks  
  62  6:38  Barracks  
  66  6:42  SCV  
  66  6:44  Medivac x2, Widow Mine x2  
  67  6:49  SCV, Missile Turret  
  67  6:52  Missile Turret  
  67  6:53  Missile Turret  
  68  6:54  Marine, Missile Turret  
  69  7:01  Marine x3  
  69  7:04  Combat Shield, Marine  
  69  7:05  Widow Mine x2  
  76  7:11  SCV  
  76  7:12  SCV, Marine  
  76  7:14  Medivac  
  79  7:19  Marine x3  
  79  7:22  Marine  
  82  7:26  Barracks Reactor  
  82  7:30  Marine  
  82  7:33  SCV x2  
  82  7:35  Supply Depot, Orbital Command  
  82  7:37  Marine x3  
  85  7:38  Supply Depot  
  85  7:40  Barracks Tech Lab  
  85  7:43  Marine  
  85  7:44  Armory  
  89  7:48  Marine  
  90  7:56  Marine x2  
  90  7:57  Barracks Reactor  
  92  8:01  Marauder  
  92  8:04  Marine x3  
  88  8:09  SCV x3  
  91  8:13  Factory Tech Lab  
  91  8:25  Marine, Missile Turret  
  86  8:31  Marine x5, Marauder  
  86  8:32  Siege Tank  
  86  8:35  SCV x3  
  86  8:38  Terran Infantry Weapons Level 2, Terran Infantry Armor Level 2  
  89  8:42  Marine  
  89  8:43  Marine x2  
  89  8:47  SCV x3, Supply Depot  
  91  8:48  Marine, Supply Depot  
  91  8:49  Marine  
  93  8:57  Medivac x2  
  93  8:59  Terran Vehicle Weapons Level 1  
  93  9:00  SCV, Factory  
  93  9:01  SCV  
  93  9:02  SCV  
  100  9:03  Marine  
  100  9:04  Marine  
  98  9:13  Marine x2  
  96  9:17  Marine x4  
  96  9:18  Marine  
  96  9:19  Siege Tank  
  96  9:21  Marine x2  
  105  9:26  SCV  
  105  9:29  SCV x2  
  105  9:31  Marine x2  
  106  9:35  Marine x5  
  106  9:36  Concussive Shells  
  109  9:39  Marine x2, SCV  
  109  9:41  SCV x2  
  109  9:44  Factory Tech Lab  
  114  9:49  Marine x2  
  114  9:51  SCV, Siege Tank  
  114  9:52  Supply Depot x2  
  120  9:53  Marine x4, SCV  
  120  9:55  Marine  
  120  9:57  Marine, Medivac  
  120  9:58  Medivac  
  131  10:04  Missile Turret  
  131  10:07  Marine x2  
  131  10:13  Marine x2, Siege Tank  
  135  10:26  Marine x2, Marauder  
  122  10:28  Marine  
  122  10:29  Marine  
  122  10:32  Marine  
  108  10:41  Marine x3  
  111  10:44  Marine, SCV x3  
  111  10:48  Marine, Refinery, Marauder, Siege Tank  
  111  10:49  Refinery, Command Center  
  120  10:55  Marine  
  119  10:57  Marine  
  119  10:58  Marine  
  119  11:02  Terran Infantry Weapons Level 3  
  119  11:03  Terran Infantry Armor Level 3  
  121  11:05  SCV  
  111  11:18  Marine x2, Siege Tank  
  111  11:19  Marine x4, Marauder  
  111  11:21  Marine  
  111  11:23  Marine  
  111  11:24  SCV  
  119  11:26  Terran Vehicle Weapons Level 2  
  119  11:35  Siege Tank  
  119  11:36  Marine x4  
  119  11:38  Marine  
  127  11:40  Marauder  
  129  11:57  Marine x3  
  129  11:58  Marine  
  129  12:00  Siege Tank  
  136  12:01  Marine  
  136  12:02  Marine x3, Marauder  
  136  12:07  Command Center  
  142  12:15  Marine x4  
  142  12:16  Supply Depot  
  142  12:18  SCV x2  
  142  12:19  Marine x2, SCV  
  151  12:23  Marauder  
  151  12:26  Medivac  
  155  12:30  SCV  
  155  12:36  Supply Depot, Medivac  
  158  12:38  Marine x6  
  158  12:39  Marine  
  158  12:40  Siege Tank  
  158  12:41  Supply Depot  
  158  12:43  Siege Tank  
  170  12:56  Medivac  
  172  13:01  SCV  
  172  13:02  SCV  
  174  13:08  Barracks  
  166  13:13  Barracks, Siege Tank  
  166  13:14  Marine x2, Barracks, Marauder  
  166  13:15  Siege Tank  
  166  13:18  Marine  
  159  13:32  Marine  
  158  13:36  Marauder  
  149  13:53  Siege Tank x2  
  144  13:57  Marauder  
  144  13:58  Marine  
  144  13:59  Marine x7  
  154  14:16  Marine x3  
  154  14:17  Marine  
  157  14:25  Marine  
Tags
 
Add a new tag
Caveats
  • Supply blocks, unpowered buildings, or Contaminate may cause inaccurate times.
  • Supply counts are checked every 10 seconds.